Map: Neon Violet Square LE

Players

ShoWTimE - Winner!

  • Race: Protoss Protoss
  • Spawn Location: 5:00

GuMiho

  • Race: Terran Terran
  • Spawn Location: 11:00

Event: IEM Season 12 - Katowice

VOD

Have the link to the VOD?

Description

Time

  • Played on: March 1, 2018, 10:21 a.m.
  • Length: 24:42

All games in this series

Show
View Real Time Build Order
Export as new Build Order

ShoWTimE Protoss - Winner!

Build Orders: 1 Gate Expand, Archon Immortal, Carriers 

Get SALT Encoding   

  12  0:00  Probe  
  13  0:12  Probe  
  14  0:19  Pylon  
  14  0:24  Probe  
  15  0:38  Probe (Chrono Boost)  
  15  0:40  Gateway  
  16  0:46  Probe (Chrono Boost)  
  17  0:50  Assimilator  
  17  0:52  Probe  
  19  1:04  Probe  
  19  1:16  Probe  
  20  1:25  Nexus  
  20  1:34  Cybernetics Core  
  20  1:37  Probe  
  21  1:42  Assimilator  
  21  1:49  Probe  
  22  1:54  Pylon  
  22  2:01  Probe  
  23  2:10  Adept (Chrono Boost)  
  23  2:12  Warp Gate  
  23  2:14  Probe  
  26  2:26  Probe  
  26  2:27  Robotics Facility  
  29  2:37  Probe (Chrono Boost)  
  29  2:43  Probe (Chrono Boost)  
  30  2:47  Probe (Chrono Boost)  
  30  2:49  Stalker  
  32  2:52  Probe (Chrono Boost)  
  32  2:56  Probe (Chrono Boost)  
  32  2:58  Probe (Chrono Boost)  
  34  3:03  Probe  
  35  3:06  Probe  
  36  3:14  Observer (Chrono Boost)  
  36  3:15  Probe  
  36  3:18  Probe  
  36  3:19  Gateway  
  39  3:21  Gateway  
  39  3:25  Stalker  
  41  3:27  Probe, Observer (Chrono Boost)  
  41  3:33  Probe  
  44  3:34  Pylon  
  44  3:39  Probe  
  45  3:45  Probe  
  45  3:47  Robotics Bay  
  46  3:52  Probe, Assimilator  
  46  3:54  Assimilator  
  48  3:59  Pylon  
  49  4:06  Immortal (Chrono Boost)  
  49  4:07  Shield Battery  
  51  4:15  Probe x2, Pylon  
  53  4:23  Stalker  
  55  4:27  Probe  
  55  4:28  Probe  
  55  4:29  Sentry  
  59  4:39  Probe, Warp Prism (Chrono Boost)  
  59  4:40  Probe  
  59  4:44  Pylon  
  62  4:53  Gravitic Drive  
  61  5:00  Nexus  
  61  5:02  Pylon  
  61  5:06  Disruptor (Chrono Boost)  
  62  5:10  Probe  
  62  5:11  Probe  
  66  5:18  Forge  
  66  5:21  Twilight Council  
  66  5:22  Probe  
  66  5:24  Probe  
  68  5:30  Pylon  
  68  5:35  Probe  
  69  5:36  Probe  
  69  5:37  Observer (Chrono Boost)  
  69  5:41  Pylon  
  70  5:47  Probe  
  70  5:48  Probe (Chrono Boost), Charge  
  72  5:50  Protoss Ground Weapons Level 1 (Chrono Boost)  
  72  5:56  Immortal  
  76  5:59  Probe (Chrono Boost)  
  76  6:00  Probe (Chrono Boost)  
  78  6:04  Pylon  
  78  6:09  Probe x2 (Chrono Boost)  
  80  6:14  Probe x2 (Chrono Boost)  
  80  6:15  Probe  
  80  6:22  Gateway  
  80  6:24  Gateway  
  80  6:27  Probe  
  80  6:28  Gateway  
  80  6:31  Gateway  
  81  6:35  Gateway  
  81  6:38  Adept  
  83  6:40  Probe x2  
  83  6:42  Immortal (Chrono Boost)  
  83  6:46  Probe, Assimilator  
  90  6:50  Assimilator  
  90  6:52  Probe x2  
  92  7:03  Pylon  
  89  7:09  Templar Archives  
  89  7:12  Probe  
  89  7:14  Pylon  
  90  7:16  Nexus  
  90  7:18  Immortal (Chrono Boost)  
  90  7:20  Pylon  
  94  7:27  Robotics Facility  
  94  7:28  Psionic Storm  
  94  7:33  Protoss Ground Weapons Level 2 (Chrono Boost), Zealot x5  
  103  7:37  Probe  
  103  7:39  Probe  
  103  7:40  Probe  
  103  7:49  Probe  
  104  7:52  Probe  
  104  7:55  High Templar x5  
  115  8:04  Immortal  
  119  8:14  Pylon, High Templar x2  
  119  8:18  Probe x3  
  126  8:21  Archon  
  126  8:24  Zealot  
  126  8:26  Immortal (Chrono Boost)  
  130  8:30  Probe  
  130  8:31  Stalker x3  
  137  8:36  Stalker  
  139  8:45  Zealot x2  
  139  8:46  Immortal (Chrono Boost)  
  147  8:56  Zealot x3  
  147  9:00  Immortal (Chrono Boost)  
  147  9:02  Pylon  
  155  9:04  Pylon  
  155  9:09  Zealot x3  
  153  9:21  Archon  
  153  9:22  Zealot x5  
  117  9:31  Stalker x3  
  111  9:33  Immortal (Chrono Boost)  
  111  9:36  Protoss Ground Armor Level 1 (Chrono Boost)  
  111  9:38  Observer  
  111  9:41  Immortal (Chrono Boost)  
  115  9:46  High Templar x3  
  115  9:47  High Templar  
  115  9:49  Probe  
  115  9:50  Probe x3  
  127  9:55  Assimilator  
  127  9:59  Assimilator  
  127  10:02  Probe, Immortal (Chrono Boost)  
  127  10:03  Pylon  
  132  10:08  Blink  
  132  10:10  Zealot x2  
  132  10:12  Immortal (Chrono Boost)  
  140  10:17  Zealot x2  
  144  10:22  Stalker x2  
  144  10:25  Zealot x2  
  152  10:29  Pylon  
  152  10:33  Immortal (Chrono Boost)  
  156  10:39  Pylon  
  156  10:41  Pylon  
  156  10:43  Stalker x2  
  156  10:49  Stalker x2  
  154  11:07  Sentry  
  154  11:09  High Templar x5  
  166  11:14  Archon  
  166  11:15  Pylon, Archon, Gateway  
  166  11:18  Gateway  
  164  11:20  Immortal  
  164  11:21  Pylon  
  164  11:25  Nexus  
  168  11:27  Photon Cannon  
  168  11:33  Stargate, Protoss Ground Weapons Level 3 (Chrono Boost)  
  168  11:38  Photon Cannon  
  166  11:47  Immortal  
  166  11:52  Pylon  
  170  11:57  Zealot  
  170  11:58  Zealot x4  
  180  12:06  Zealot x3  
  175  12:10  Probe (Chrono Boost)  
  175  12:11  Probe (Chrono Boost)  
  175  12:15  Probe (Chrono Boost)  
  176  12:19  Stalker  
  176  12:20  Probe (Chrono Boost)  
  176  12:21  Probe (Chrono Boost)  
  176  12:22  Probe (Chrono Boost)  
  180  12:23  High Templar x4  
  180  12:24  Observer  
  180  12:27  Archon  
  180  12:28  Archon  
  186  12:31  High Templar  
  186  12:32  High Templar  
  186  12:36  Archon  
  190  12:40  Zealot  
  190  12:41  Warp Prism (Chrono Boost)  
  194  12:51  Zealot x3  
  161  13:06  Immortal (Chrono Boost)  
  161  13:08  Immortal (Chrono Boost)  
  161  13:09  Archon  
  139  13:14  Stalker x8  
  139  13:15  Stalker  
  117  13:34  Probe x3  
  117  13:35  Probe x2  
  117  13:40  High Templar x4  
  130  13:42  Immortal (Chrono Boost)  
  130  13:46  High Templar x2  
  130  13:47  Zealot x4  
  146  13:50  Archon  
  146  13:52  Immortal (Chrono Boost)  
  150  14:02  Protoss Ground Armor Level 2 (Chrono Boost)  
  136  14:06  Assimilator  
  136  14:08  Zealot x2  
  140  14:10  Zealot, Assimilator  
  140  14:13  Zealot  
  140  14:14  Immortal  
  148  14:22  Photon Cannon  
  148  14:25  Photon Cannon  
  148  14:26  Immortal  
  148  14:30  Stalker x2  
  156  14:31  Zealot  
  156  14:37  Zealot x2  
  160  14:45  Probe x3  
  145  14:46  Probe x2  
  145  14:48  Stalker  
  137  14:57  Probe x3  
  137  14:58  Stalker x2  
  143  15:00  Probe x2  
  141  15:09  Probe x2  
  141  15:13  High Templar x2  
  141  15:14  High Templar x4  
  155  15:19  Archon  
  155  15:20  Archon x2  
  155  15:21  High Templar  
  157  15:22  Zealot, High Templar  
  157  15:26  Probe x2  
  157  15:27  Probe x2  
  157  15:28  Archon  
  165  15:36  Immortal (Chrono Boost)  
  165  15:42  Immortal (Chrono Boost)  
  171  15:55  Zealot x4  
  179  16:05  Fleet Beacon  
  179  16:07  Photon Cannon  
  179  16:08  Stargate, Observer  
  180  16:13  Zealot x2  
  180  16:17  Zealot  
  172  16:23  Warp Prism  
  174  16:31  Protoss Air Weapons Level 1 (Chrono Boost)  
  174  16:40  Stargate  
  174  16:44  Nexus  
  174  16:45  Pylon  
  174  16:48  Zealot x2  
  174  16:49  Zealot x2  
  174  16:51  Carrier (Chrono Boost)  
  182  17:08  Carrier (Chrono Boost), Zealot x2  
  190  17:10  Zealot  
  190  17:12  Graviton Catapult (Chrono Boost)  
  198  17:36  Photon Cannon  
  198  17:38  Photon Cannon  
  198  17:46  Stargate  
  198  18:04  Carrier (Chrono Boost)  
  196  18:06  Carrier (Chrono Boost)  
  190  18:19  Carrier (Chrono Boost)  
  196  18:43  Protoss Shields Level 1 (Chrono Boost)  
  196  19:02  Zealot x2  
  198  19:06  Carrier (Chrono Boost)  
  196  19:25  Nexus  
  196  19:30  Pylon  
  191  19:34  Carrier (Chrono Boost)  
  191  19:37  Nexus  
  197  19:42  Carrier x2 (Chrono Boost)  
  177  19:54  Pylon  
  165  20:10  Probe x5  
  168  20:16  Cybernetics Core  
  168  20:21  Cybernetics Core  
  168  20:22  Probe  
  168  20:23  Zealot x7  
  168  20:26  Carrier (Chrono Boost)  
  189  20:28  Gateway  
  189  20:32  Probe x4, Gateway  
  189  20:34  Probe, Gateway  
  194  20:36  Protoss Shields Level 2 (Chrono Boost)  
  194  20:37  Gateway  
  194  20:44  Probe  
  194  20:46  Gateway  
  195  20:54  Zealot x2  
  199  21:08  Stalker x3  
  199  21:10  Photon Cannon  
  199  21:11  Photon Cannon  
  198  21:12  Protoss Air Weapons Level 2 (Chrono Boost)  
  198  21:13  Protoss Air Armor Level 1 (Chrono Boost)  
  198  21:14  Photon Cannon  
  197  21:24  Oracle  
  193  21:31  Stalker x3  
  182  21:40  Assimilator x2  
  182  21:43  High Templar x2  
  182  21:44  High Templar x2  
  190  21:53  Warp Prism  
  198  22:07  Pylon  
  198  22:08  Carrier (Chrono Boost)  
  170  22:19  Archon  
  170  22:20  Stalker x6  
  170  22:21  Stalker x2  
  162  22:25  Archon  
  152  22:30  Immortal  
  141  22:41  Carrier (Chrono Boost)  
  141  22:42  Carrier (Chrono Boost)  
  124  22:46  High Templar  
  124  22:50  High Templar x3  
  144  23:01  High Templar x2  
  144  23:02  High Templar x2  
  144  23:03  Probe  
  144  23:04  Probe  
  154  23:06  Archon x2  
  143  23:22  Zealot x4  
  143  23:28  Zealot  
  143  23:33  Zealot  
  141  23:40  High Templar x2  
  137  23:41  Zealot x2  
  137  23:45  Archon  
  132  23:57  Archon  
  132  24:07  Nexus  
  132  24:08  Stalker x2  
  132  24:26  Stalker x3  
  134  24:36  Stalker x2  
Show
View Real Time Build Order
Export as new Build Order

GuMiho Terran 

Build Orders: Cyclone Opening, Gas First Reaper Expand, Reaper Expand, Mech 

Get SALT Encoding   

  12  0:00  SCV  
  13  0:12  SCV  
  14  0:17  Supply Depot  
  14  0:24  SCV  
  15  0:28  Refinery  
  15  0:39  SCV  
  16  0:45  Barracks  
  16  0:51  SCV  
  17  1:03  SCV  
  18  1:15  SCV  
  19  1:31  Orbital Command  
  19  1:32  Reaper  
  20  1:43  Command Center  
  20  1:54  Factory  
  20  1:58  SCV  
  21  2:04  Refinery  
  21  2:06  Barracks Reactor  
  21  2:10  SCV  
  22  2:16  Supply Depot  
  22  2:22  SCV  
  23  2:37  SCV  
  23  2:38  Cyclone  
  23  2:42  Marine x2  
  29  2:50  SCV  
  30  3:02  SCV  
  31  3:06  Orbital Command  
  31  3:14  SCV  
  31  3:17  Cyclone  
  31  3:18  Cyclone  
  39  3:27  SCV  
  39  3:31  SCV  
  40  3:39  Command Center  
  40  3:41  SCV  
  40  3:43  SCV  
  40  3:47  Supply Depot  
  42  3:52  Cyclone  
  45  3:56  SCV, Barracks Tech Lab  
  46  4:03  Supply Depot  
  46  4:09  SCV x2  
  48  4:21  SCV x2  
  48  4:22  Refinery  
  48  4:23  Refinery  
  50  4:40  SCV x2  
  55  4:52  SCV x2  
  50  4:53  Barracks Tech Lab  
  50  4:55  Orbital Command  
  50  4:56  Factory  
  50  4:58  Factory  
  50  5:00  Siege Tank  
  50  5:04  SCV x2  
  50  5:05  Supply Depot, Armory  
  55  5:16  SCV  
  55  5:17  SCV, Starport  
  57  5:22  Barracks Tech Lab  
  57  5:23  Supply Depot, SCV  
  58  5:29  SCV x2  
  58  5:33  Siege Tank  
  63  5:35  SCV  
  63  5:36  Refinery  
  63  5:41  SCV  
  66  5:42  SCV  
  66  5:44  Refinery  
  66  5:46  Supply Depot  
  66  5:48  SCV  
  66  5:49  Hellion x2  
  71  5:53  Siege Tank  
  74  5:57  Barracks Reactor  
  74  6:00  SCV x3  
  74  6:02  Raven  
  79  6:06  Siege Tank  
  79  6:13  SCV x2  
  79  6:14  SCV  
  79  6:15  Terran Vehicle Weapons Level 1  
  79  6:18  Supply Depot  
  82  6:19  Hellion x2  
  82  6:23  Supply Depot  
  86  6:25  SCV  
  86  6:26  SCV x2  
  86  6:30  Factory  
  89  6:34  Factory  
  89  6:41  SCV x3  
  89  6:45  Supply Depot x2  
  92  6:47  Liberator  
  92  6:48  Liberator  
  92  6:51  Siege Tank x2  
  98  6:55  Hellion  
  106  7:08  Supply Depot  
  106  7:18  SCV x2  
  106  7:19  SCV  
  106  7:21  Factory Reactor, Factory Tech Lab  
  109  7:22  Armory  
  109  7:24  Hellion x3  
  109  7:25  Hellion  
  109  7:29  Supply Depot  
  117  7:32  SCV, Liberator x2  
  117  7:33  Supply Depot  
  118  7:40  Infernal Pre-Igniter  
  118  7:41  Hellion  
  118  7:46  Hellion x3  
  130  7:58  Cyclone, Siege Tank  
  133  8:00  Hellion x2  
  133  8:02  Supply Depot  
  133  8:05  Supply Depot  
  138  8:12  Command Center  
  138  8:16  Terran Vehicle Weapons Level 2  
  138  8:18  Terran Vehicle And Ship Armor Level 1  
  137  8:23  Siege Tank  
  137  8:24  Hellion  
  137  8:25  Liberator  
  142  8:28  Liberator  
  142  8:29  Hellion x2  
  142  8:32  Hellion  
  150  8:34  Hellion  
  150  8:38  Siege Tank  
  156  8:59  Siege Tank x2  
  156  9:00  Hellion x2  
  156  9:20  Cyclone x2  
  123  9:24  Cyclone x2  
  123  9:30  Cyclone  
  114  9:32  Hellion x2  
  114  9:37  Orbital Command  
  112  9:39  SCV x2  
  114  9:48  Rapid Fire Launchers  
  114  9:52  Hellion x2, Refinery  
  118  9:56  Hellion x3, Refinery  
  126  10:00  Hellion  
  126  10:02  Smart Servos  
  86  10:07  Liberator  
  126  10:08  Liberator  
  126  10:09  Engineering Bay  
  126  10:13  Hellion x2  
  126  10:14  Terran Vehicle And Ship Armor Level 2, Hellion  
  132  10:17  Hellion  
  134  10:21  Siege Tank  
  134  10:23  Hellion x2  
  147  10:34  Terran Vehicle Weapons Level 3  
  145  10:38  Sensor Tower  
  145  10:44  Command Center  
  143  10:51  Liberator  
  143  10:56  Cyclone x4  
  158  10:57  Hellion x3  
  158  10:59  SCV  
  158  11:01  SCV x2  
  158  11:02  Liberator  
  160  11:06  SCV  
  160  11:11  SCV  
  165  11:18  Missile Turret x2  
  165  11:20  Missile Turret  
  168  11:28  Supply Depot, Thor  
  168  11:29  Supply Depot  
  174  11:33  Thor  
  178  11:42  Thor  
  184  11:55  Hellion x3, Liberator x2  
  185  12:11  Siege Tank  
  185  12:12  Hellion  
  192  12:16  Siege Tank  
  192  12:17  Hellion, Starport  
  197  12:33  SCV  
  193  12:41  Siege Tank  
  193  12:42  Hellion x2  
  200  12:44  Refinery  
  200  12:45  Planetary Fortress, Refinery  
  200  13:01  Liberator x2  
  200  13:05  Hellion, Siege Tank x2  
  170  13:06  Hellion  
  170  13:07  Hellion x2  
  133  13:14  Hellion  
  113  13:26  Liberator  
  110  13:27  Hellion x2  
  110  13:28  Hellion x2  
  97  13:35  Hellion, Terran Vehicle And Ship Armor Level 3  
  97  13:37  Hellion x2  
  97  13:40  Hellion x6  
  103  13:46  SCV x2, Liberator x2  
  103  13:47  Fusion Core  
  112  13:48  Hellion x2  
  108  13:56  Siege Tank  
  107  14:07  SCV x3  
  107  14:08  SCV  
  117  14:22  Command Center  
  117  14:28  Liberator  
  117  14:29  Liberator  
  116  14:31  Hellion x3  
  116  14:45  Cyclone x2  
  117  14:48  Cyclone x2  
  123  15:06  Terran Ship Weapons Level 1  
  120  15:07  Cyclone x3  
  120  15:10  Advanced Ballistics  
  120  15:12  Liberator  
  129  15:19  Hellion x11  
  132  15:37  Siege Tank x3  
  132  15:42  Hellion x4  
  149  15:52  Liberator  
  149  15:53  SCV x4, Liberator  
  153  15:59  Refinery  
  153  16:04  Orbital Command  
  153  16:05  Sensor Tower, SCV  
  153  16:07  SCV x3  
  153  16:09  Refinery  
  163  16:17  SCV  
  143  16:25  SCV x2  
  143  16:26  SCV  
  143  16:29  SCV  
  143  16:30  Hellion x3  
  143  16:32  Hellion x3  
  156  16:33  Hellion x3  
  156  16:34  Hellion  
  160  16:40  Liberator x2  
  160  16:41  Liberator  
  158  16:55  Hellion, Siege Tank x3  
  158  16:56  Hellion x2  
  158  16:57  Hellion  
  184  17:05  Terran Ship Weapons Level 2  
  184  17:10  Command Center  
  180  17:17  Hellion x3  
  180  17:19  Missile Turret  
  184  17:26  Command Center  
  184  17:27  Siege Tank x2  
  184  17:28  Hellion x2  
  194  17:34  SCV  
  195  17:42  Missile Turret  
  195  17:43  Liberator  
  195  17:44  Missile Turret x2  
  195  19:26  Terran Ship Weapons Level 3  
  187  19:31  Liberator x2  
  181  19:40  Cyclone  
  181  19:41  Cyclone x6  
  184  19:47  Raven  
  132  20:13  Cyclone x2, Hellion x4, Siege Tank  
  145  20:22  Refinery  
  145  20:27  Refinery  
  145  20:34  Siege Tank  
  145  20:35  Hellion x2  
  152  20:36  Planetary Fortress  
  152  20:39  Cyclone  
  155  20:45  Cyclone x2  
  164  20:55  Orbital Command  
  171  21:12  Thor  
  171  21:13  Thor  
  163  21:34  Cyclone  
  163  21:38  Hellion x3  
  171  21:40  Hellion  
  171  21:53  Command Center  
  171  21:56  Hellion x2  
  171  21:59  Hellion x3  
  171  22:01  Thor  
  181  22:06  Hellion  
  122  22:17  Cyclone, Hellion  
  122  22:20  Cyclone, Hellion  
  122  22:21  Hellion  
  114  22:28  Hellion  
  104  22:39  Hellion  
  104  22:42  Hellion x2, Orbital Command  
  106  22:44  Hellion  
  106  22:45  Viking x2  
  106  22:48  SCV x3  
  106  22:49  Hellion x2  
  117  22:52  Hellion  
  117  23:00  SCV, Hellion  
  117  23:03  Hellion x2  
  122  23:05  Hellion  
  122  23:11  Hellion x2  
  114  23:14  Hellion  
  106  23:21  Hellion  
  106  23:25  Hellion  
  106  23:26  Cyclone x2  
  111  23:32  Hellion  
  108  23:41  Cyclone  
  111  23:50  Hellion x2  
  94  24:01  Hellion  
  94  24:02  Hellion x3  
  83  24:06  Refinery  
  83  24:07  SCV x2  
  85  24:11  Hellion  

Tags
 
Add a new tag
Caveats
  • Supply blocks, unpowered buildings, or Contaminate may cause inaccurate times.
  • Supply counts are checked every 10 seconds.